Lightning vs BlackHawks

Created - December 2, 2015 at 17:29

Goals
1 2 3 T
Lightning 1 1 1 3
BlackHawks 0 2 0 2
Shots
1 2 3 T
Lightning 8 9 6 23
BlackHawks 3 10 18 31

1st period

1. Lightning , Radim Vrbata 9 (Eric Fehr) at 1:22

Penalties :
Keith Aulie (CHI) for Slashing (Minor) at 4:15, Keith Aulie (CHI) for Interference (Minor) at 13:14

2nd period

2. BlackHawks , Zack Kassian 6 (Trevor Lewis, Marek Zidlicky) at 0:22
3. Lightning , Radim Vrbata 10 (Eric Fehr) at 3:53
4. BlackHawks , Justin Abdelkader 11 (Alex Galchenyuk, Ryan OReilly) at 5:04

Penalties :
Alex Galchenyuk (CHI) for Hooking (Minor) at 7:15, Travis Zajac (TBL) for Tripping (Minor) at 14:30, Zack Kassian (CHI) for Roughing (Minor) at 14:35, Tom Wilson (CHI) for Holding Stick (Minor) at 17:13

3rd period

5. Lightning , Kyle Okposo 5 (John Gaudreau, Travis Zajac) at 4:06

Penalties :
Andre Benoit (TBL) for Cross-checking (Minor) at 7:28, Adam McQuaid (CHI) for High sticking (Minor) at 9:36

Goalie Stats

Jaroslav Halak (TBL), 29 saves from 31 shots - (0.935), W, 10-12-2, 60:00 minutes
Cam Ward (CHI), 20 saves from 23 shots - (0.870), L, 4-6-3, 58:23 minutes

Players Stats for Lightning

Player Name              G  A  P  +/- PIM S  H  SB GA TA FO     MP     PP MP  PK MP  
------------------------------------------------------------------------------------
Andre Benoit             0  0  0  -1  2   0  3  0  0  0  0/0    16:01   1:02   0:00 
Andrej Sekera            0  0  0   1  0   0  0  0  0  0  0/0    21:50   4:02   0:37 
Brad Hunt                0  0  0  -1  0   0  0  0  0  0  0/0    16:06   1:02   0:00 
Christian Ehrhoff        0  0  0   1  0   1  1  3  0  0  0/0    23:09   4:56   1:27 
David Schlemko           0  0  0   0  0   0  0  0  0  0  0/0     0:52   0:00   0:00 
Eric Fehr                0  2  2   0  0   2  0  1  0  0  11/26  21:08   5:02   0:00 
Erik Gudbranson          0  0  0   1  0   1  0  1  0  0  0/0    20:45   3:54   0:37 
Hampus Lindholm          0  0  0   1  0   1  0  1  0  0  0/0    21:16   5:04   1:27 
Henrik Sedin             0  0  0   0  0   0  0  0  0  0  4/7    10:55   0:00   0:14 
John Gaudreau            0  1  1   1  0   6  0  0  0  0  1/1    21:05   3:56   0:00 
Kyle Okposo              1  0  1   1  0   3  2  0  0  0  0/0    21:41   3:56   0:26 
Maxime Talbot            0  0  0   0  0   0  1  1  0  0  3/5     6:39   1:02   0:45 
Nick Spaling             0  0  0   0  0   0  0  0  0  0  0/0     4:55   0:00   0:03 
Patric Hornqvist         0  0  0   0  0   1  2  0  0  0  4/5    21:11   5:02   0:00 
Radim Vrbata             2  0  2   0  0   7  0  0  0  0  2/3    20:16   5:02   0:00 
Teddy Purcell            0  0  0   0  0   0  0  1  0  0  0/0    15:33   1:02   0:00 
Travis Zajac             0  1  1   1  2   1  3  0  0  0  15/26  20:38   3:56   1:21 
Troy Brouwer             0  0  0   0  0   0  1  0  0  0  0/1    12:00   1:02   1:19 

Players Stats for BlackHawks

Player Name              G  A  P  +/- PIM S  H  SB GA TA FO     MP     PP MP  PK MP  
------------------------------------------------------------------------------------
Adam McQuaid             0  0  0  -1  2   0  1  1  0  0  0/0    16:45   0:00   3:13 
Alex Galchenyuk          0  1  1   0  2   2  0  0  0  0  0/1    18:38   1:27   0:00 
Brandon Bollig           0  0  0  -1  0   1  1  0  0  0  2/6     6:06   0:00   0:13 
Dion Phaneuf             0  0  0  -1  0   1  4  0  0  0  0/0    23:20   1:32   5:07 
Dwight King              0  0  0   0  0   2  0  0  0  0  1/1    13:41   0:37   0:00 
Justin Abdelkader        1  0  1   0  0   2  4  0  0  0  0/1    17:26   1:27   0:00 
Keith Aulie              0  0  0  -1  4   0  1  0  0  0  0/0    16:54   0:00   0:48 
Kevin Bieksa             0  0  0   1  0   0  0  1  0  0  0/0    20:38   0:32   4:59 
Luke Gazdic              0  0  0  -1  0   1  1  0  0  0  0/0     5:53   0:00   0:00 
Marcus Foligno           0  0  0   0  0   1  2  0  0  0  0/1    16:18   0:00   5:19 
Marek Zidlicky           0  1  1   1  0   1  1  1  0  0  0/0    20:41   1:32   0:32 
Mike Richards            0  0  0   0  0   3  0  0  0  0  6/17   15:58   0:00   4:59 
Robyn Regehr             0  0  0  -1  0   0  2  1  0  0  0/0    21:39   0:32   5:21 
Ryan OReilly             0  1  1   0  0   6  0  0  0  0  10/19  20:40   1:27   2:19 
Ryan Reaves              0  0  0  -1  0   1  1  0  0  0  0/0     5:53   0:00   0:00 
Tom Wilson               0  0  0   0  2   1  2  0  0  0  0/1    13:46   0:00   2:48 
Trevor Lewis             0  1  1   0  0   1  2  0  0  0  15/27  19:09   0:37   4:22 
Zack Kassian             1  0  1   0  2   8  2  0  0  0  0/0    14:35   0:36   0:00 

3 Stars

1 - Radim Vrbata (TBL)
2 - Kyle Okposo (TBL)
3 - Justin Abdelkader (CHI)

Power Play

Lightning - 0 on 6 Attempt(s) - 0.00%
BlackHawks - 0 on 2 Attempt(s) - 0.00%

Penalty Kill

Lightning - 2 on 2 Attempt(s) - 100.00% - Score 0 goal in Penalty Kill
BlackHawks - 6 on 6 Attempt(s) - 100.00% - Score 0 goal in Penalty Kill

Team Stat

Lightning - Hits : 13 - Faceoff Wins : 40 - Blocked Shots : 8 - Penalty Minutes : 4
BlackHawks - Hits : 24 - Faceoff Wins : 34 - Blocked Shots : 4 - Penalty Minutes : 12

Official

Referees : Ghislain Hebert and Brad Watson
Linesman : Brad Lazarowich and Derek Nansen

Game Notes

No Game Note

Finance

Level 1 -- Attendance: 5812 (89.42%) -- Ticket Income $645,132
Level 2 -- Attendance: 4645 (92.90%) -- Ticket Income $348,375
Level 3 -- Attendance: 3366 (96.17%) -- Ticket Income $185,130
Level 4 -- Attendance: 2714 (73.02%) -- Ticket Income $100,418
Luxury Box -- Attendance: 1000 (100.00%) -- Ticket Income $199,000
Game was played at the United Center.
Total Attendance: 17537 (88.94%)
Total Ticket Income: $1,478,055
Other Income: $221,708
Total Income: $1,699,763

% Time on Ice - Lightning

Lines # - Real PCT - Wanted PCT - Time Play
Normal Forward
1 - 34% - 40% - 15:14
2 - 34% - 30% - 15:22
3 - 21% - 20% - 9:39
4 - 11% - 10% - 4:52
Normal Defense
1 - 33% - 40% - 14:45
2 - 34% - 30% - 15:14
3 - 33% - 20% - 15:00
4 - 0% - 10% - 0:08
PP Forward
1 - 61% - 60% - 6:04
2 - 39% - 40% - 3:56
PP Defense
1 - 51% - 60% - 5:04
2 - 49% - 40% - 4:56
PK Forward
1 - 79% - 60% - 1:38
2 - 21% - 40% - 0:26
PK Defense
1 - 70% - 60% - 1:27
2 - 30% - 40% - 0:37
PK3 Forward
1 - 0% - 60%
2 - 0% - 40%
PK3 Defense
1 - 0% - 60%
2 - 0% - 40%
44 Forward
1 - 46% - 60% - 0:52
2 - 54% - 40% - 1:02
44 Defense
1 - 54% - 60% - 1:02
2 - 46% - 40% - 0:52
Last Minute Offensive  - 0:00
Last Minute Defensive  - 0:55
Total
Forward - 60:00
Defense - 60:00

% Time on Ice - BlackHawks

Lines # - Real PCT - Wanted PCT - Time Play
Normal Forward
1 - 34% - 38% - 15:11
2 - 29% - 32% - 13:04
3 - 24% - 20% - 10:59
4 - 13% - 10% - 5:53
Normal Defense
1 - 33% - 37% - 14:40
2 - 32% - 34% - 14:19
3 - 30% - 29% - 13:33
4 - 6% - 0% - 2:35
PP Forward
1 - 70% - 60% - 1:27
2 - 30% - 40% - 0:37
PP Defense
1 - 74% - 60% - 1:32
2 - 26% - 40% - 0:32
PK Forward
1 - 56% - 55% - 5:38
2 - 44% - 45% - 4:22
PK Defense
1 - 49% - 55% - 4:52
2 - 51% - 45% - 5:08
PK3 Forward
1 - 0% - 50%
2 - 0% - 50%
PK3 Defense
1 - 0% - 55%
2 - 0% - 45%
44 Forward
1 - 58% - 55% - 1:06
2 - 42% - 45% - 0:48
44 Defense
1 - 58% - 55% - 1:06
2 - 42% - 45% - 0:48
Last Minute Offensive  - 0:55
Last Minute Defensive  - 0:00
Total
Forward - 60:00
Defense - 60:00

Play by Play

1st period


0:01 of 1st period - Eric Fehr wins face-off versus Justin Abdelkader in neutral zone.
0:06 of 1st period - Icing by Dion Phaneuf.
0:07 of 1st period - Travis Zajac wins face-off versus Ryan OReilly in BlackHawks zone.
0:14 of 1st period - Shot by Travis Zajac.
0:14 of 1st period - Deflect By Kyle Okposo.
0:14 of 1st period - Stopped by Cam Ward without a rebound.
0:15 of 1st period - Trevor Lewis wins face-off versus Henrik Sedin in BlackHawks zone.
0:27 of 1st period - Icing by Andre Benoit.
0:28 of 1st period - Henrik Sedin wins face-off versus Mike Richards in Lightning zone.
0:46 of 1st period - Shot by Marcus Foligno.
0:46 of 1st period - Shot Misses the Net.
1:02 of 1st period - Shot by Henrik Sedin.
1:02 of 1st period - Shot Blocked by Adam McQuaid.
1:18 of 1st period - Off-side.
1:19 of 1st period - Eric Fehr wins face-off versus Trevor Lewis in neutral zone.
1:22 of 1st period - Shot by Radim Vrbata.
1:22 of 1st period - Goal by Radim Vrbata - Lightning : 1 - BlackHawks : 0.
1:23 of 1st period - Ryan OReilly wins face-off versus Eric Fehr in neutral zone.
1:38 of 1st period - Shot by Ryan OReilly.
1:38 of 1st period - Shot Misses the Net.
1:40 of 1st period - Shot by Ryan OReilly.
1:40 of 1st period - Stopped by Jaroslav Halak without a rebound.
1:41 of 1st period - Travis Zajac wins face-off versus Trevor Lewis in Lightning zone.
1:58 of 1st period - Shot by Trevor Lewis.
1:58 of 1st period - Deflect By Zack Kassian.
1:58 of 1st period - Stopped by Jaroslav Halak without a rebound.
1:59 of 1st period - Eric Fehr wins face-off versus Brandon Bollig in Lightning zone.
2:10 of 1st period - Shot by Radim Vrbata.
2:10 of 1st period - Shot Misses the Net.
2:16 of 1st period - Shot by Radim Vrbata.
2:16 of 1st period - Shot Misses the Net.
2:21 of 1st period - Icing by Kevin Bieksa.
2:22 of 1st period - Travis Zajac wins face-off versus Brandon Bollig in BlackHawks zone.
2:29 of 1st period - Shot by Kyle Okposo.
2:29 of 1st period - Shot Misses the Net.
2:41 of 1st period - Shot by Kyle Okposo.
2:41 of 1st period - Shot Misses the Net.
4:10 of 1st period - Andrej Sekera is hit by Trevor Lewis.
4:15 of 1st period - Minor Penalty to Keith Aulie for Slashing.
4:16 of 1st period - Mike Richards wins face-off versus Eric Fehr in BlackHawks zone.
4:24 of 1st period - Icing by Eric Fehr.
4:25 of 1st period - Radim Vrbata wins face-off versus Mike Richards in Lightning zone.
4:32 of 1st period - Shot by Mike Richards.
4:32 of 1st period - Shot Misses the Net.
4:54 of 1st period - Shot by Marcus Foligno.
4:54 of 1st period - Shot Misses the Net.
5:36 of 1st period - Teddy Purcell is hit by Robyn Regehr and loses puck.
6:03 of 1st period - Icing by Troy Brouwer.
6:04 of 1st period - Mike Richards wins face-off versus Maxime Talbot in Lightning zone.
6:18 of 1st period - Icing by Keith Aulie.
6:19 of 1st period - Eric Fehr wins face-off versus Ryan OReilly in BlackHawks zone.
6:20 of 1st period - Shot by Patric Hornqvist.
6:20 of 1st period - Shot Misses the Net.
6:22 of 1st period - Shot by Radim Vrbata.
6:22 of 1st period - Shot Misses the Net.
6:48 of 1st period - Shot by Patric Hornqvist.
6:48 of 1st period - Shot Misses the Net.
6:50 of 1st period - Shot by Radim Vrbata.
6:50 of 1st period - Shot Misses the Net.
7:00 of 1st period - Shot by Justin Abdelkader.
7:00 of 1st period - Shot Blocked by Hampus Lindholm.
7:24 of 1st period - Shot by John Gaudreau.
7:24 of 1st period - Shot Misses the Net.
7:26 of 1st period - Shot by John Gaudreau.
7:26 of 1st period - Stopped by Cam Ward with a rebound.
7:46 of 1st period - Travis Zajac is hit by Justin Abdelkader and loses puck.
7:53 of 1st period - Shot by John Gaudreau.
7:53 of 1st period - Stopped by Cam Ward without a rebound.
7:54 of 1st period - Maxime Talbot wins face-off versus Trevor Lewis in BlackHawks zone.
8:10 of 1st period - Shot by Dwight King.
8:10 of 1st period - Stopped by Jaroslav Halak without a rebound.
8:11 of 1st period - Henrik Sedin wins face-off versus Mike Richards in Lightning zone.
9:35 of 1st period - Icing by Erik Gudbranson.
9:36 of 1st period - Eric Fehr wins face-off versus Trevor Lewis in Lightning zone.
10:05 of 1st period - Hampus Lindholm is hit by Zack Kassian and loses puck.
10:29 of 1st period - Keith Aulie is hit by Kyle Okposo.
10:52 of 1st period - Ryan OReilly is hit by Maxime Talbot and loses puck.
11:01 of 1st period - Maxime Talbot is hit by Justin Abdelkader and loses puck.
11:59 of 1st period - Shot by Dwight King.
11:59 of 1st period - Shot Misses the Net.
12:20 of 1st period - Off-side.
12:21 of 1st period - Mike Richards wins face-off versus Eric Fehr in neutral zone.
12:38 of 1st period - Radim Vrbata is hit by Keith Aulie and loses puck.
13:14 of 1st period - Minor Penalty to Keith Aulie for Interference.
13:15 of 1st period - Trevor Lewis wins face-off versus Travis Zajac in BlackHawks zone.
13:21 of 1st period - Icing by Hampus Lindholm.
13:22 of 1st period - Travis Zajac wins face-off versus Mike Richards in Lightning zone.
13:42 of 1st period - Shot by Kyle Okposo.
13:42 of 1st period - Shot Blocked by Robyn Regehr.
13:53 of 1st period - Shot by John Gaudreau.
13:53 of 1st period - Stopped by Cam Ward with a rebound.
13:55 of 1st period - Shot by John Gaudreau.
13:55 of 1st period - Stopped by Cam Ward with a rebound.
14:27 of 1st period - Shot by Patric Hornqvist.
14:27 of 1st period - Shot Misses the Net.
14:29 of 1st period - Shot by Radim Vrbata.
14:29 of 1st period - Stopped by Cam Ward without a rebound.
14:30 of 1st period - Travis Zajac wins face-off versus Tom Wilson in BlackHawks zone.
14:33 of 1st period - Shot by John Gaudreau.
14:33 of 1st period - Stopped by Cam Ward with a rebound.
14:35 of 1st period - Shot by Erik Gudbranson.
14:35 of 1st period - Shot Misses the Net.
15:33 of 1st period - Icing by Andre Benoit.
15:34 of 1st period - Brandon Bollig wins face-off versus Henrik Sedin in Lightning zone.
16:32 of 1st period - Off-side.
16:33 of 1st period - Trevor Lewis wins face-off versus Travis Zajac in neutral zone.
16:33 of 1st period - Trevor Lewis is hit by Travis Zajac.
17:02 of 1st period - Erik Gudbranson is hit by Marek Zidlicky and loses puck.
17:18 of 1st period - Off-side.
17:19 of 1st period - Eric Fehr wins face-off versus Ryan OReilly in neutral zone.
18:32 of 1st period - Dion Phaneuf is hit by Troy Brouwer and loses puck.
19:04 of 1st period - Andre Benoit is hit by Tom Wilson and loses puck.
Goals for this period are 1 for Lightning vs 0 for BlackHawks.
Shots for this period are 8 for Lightning vs 3 for BlackHawks.

2nd period


0:01 of 2nd period - Trevor Lewis wins face-off versus Eric Fehr in neutral zone.
0:12 of 2nd period - Shot by Patric Hornqvist.
0:12 of 2nd period - Stopped by Cam Ward with a rebound.
0:20 of 2nd period - Shot by Trevor Lewis.
0:20 of 2nd period - Shot Misses the Net.
0:22 of 2nd period - Shot by Zack Kassian.
0:22 of 2nd period - Goal by Zack Kassian - Lightning : 1 - BlackHawks : 1.
0:23 of 2nd period - Travis Zajac wins face-off versus Ryan OReilly in neutral zone.
0:23 of 2nd period - Travis Zajac is hit by Justin Abdelkader.
1:46 of 2nd period - Dwight King is hit by Patric Hornqvist and loses puck.
1:51 of 2nd period - Shot by Patric Hornqvist.
1:51 of 2nd period - Shot Blocked by Marek Zidlicky.
3:18 of 2nd period - Icing by Andrej Sekera.
3:19 of 2nd period - Travis Zajac wins face-off versus Brandon Bollig in Lightning zone.
3:36 of 2nd period - Adam McQuaid is hit by Kyle Okposo and loses puck.
3:53 of 2nd period - Shot by Radim Vrbata.
3:53 of 2nd period - Goal by Radim Vrbata - Lightning : 2 - BlackHawks : 1.
3:54 of 2nd period - Ryan OReilly wins face-off versus Eric Fehr in neutral zone.
4:03 of 2nd period - Shot by Justin Abdelkader.
4:03 of 2nd period - Deflect By Ryan OReilly.
4:03 of 2nd period - Shot Blocked by Christian Ehrhoff.
4:05 of 2nd period - Shot by Alex Galchenyuk.
4:05 of 2nd period - Shot Misses the Net.
4:07 of 2nd period - Shot by Ryan OReilly.
4:07 of 2nd period - Stopped by Jaroslav Halak without a rebound.
4:08 of 2nd period - Trevor Lewis wins face-off versus Maxime Talbot in Lightning zone.
4:19 of 2nd period - Shot by Zack Kassian.
4:19 of 2nd period - Shot Misses the Net.
4:21 of 2nd period - Shot by Zack Kassian.
4:21 of 2nd period - Stopped by Jaroslav Halak without a rebound.
4:22 of 2nd period - Eric Fehr wins face-off versus Ryan OReilly in Lightning zone.
4:22 of 2nd period - Eric Fehr is hit by Justin Abdelkader.
5:04 of 2nd period - Shot by Justin Abdelkader.
5:04 of 2nd period - Goal by Justin Abdelkader - Lightning : 2 - BlackHawks : 2.
5:05 of 2nd period - Trevor Lewis wins face-off versus Travis Zajac in neutral zone.
5:48 of 2nd period - Off-side.
5:49 of 2nd period - Maxime Talbot wins face-off versus Mike Richards in neutral zone.
6:02 of 2nd period - Shot by Maxime Talbot.
6:02 of 2nd period - Shot Misses the Net.
6:58 of 2nd period - Shot by Patric Hornqvist.
6:58 of 2nd period - Shot Misses the Net.
7:03 of 2nd period - Andre Benoit is hit by Adam McQuaid and loses puck.
7:15 of 2nd period - Minor Penalty to Alex Galchenyuk for Hooking.
7:16 of 2nd period - Travis Zajac wins face-off versus Trevor Lewis in BlackHawks zone.
7:32 of 2nd period - Icing by Hampus Lindholm.
7:33 of 2nd period - John Gaudreau wins face-off versus Ryan OReilly in Lightning zone.
8:29 of 2nd period - Shot by Patric Hornqvist.
8:29 of 2nd period - Deflect By Radim Vrbata.
8:29 of 2nd period - Shot Misses the Net.
8:31 of 2nd period - Shot by Patric Hornqvist.
8:31 of 2nd period - Shot Misses the Net.
8:33 of 2nd period - Shot by Eric Fehr.
8:33 of 2nd period - Stopped by Cam Ward without a rebound.
8:34 of 2nd period - Eric Fehr wins face-off versus Trevor Lewis in BlackHawks zone.
8:34 of 2nd period - Eric Fehr is hit by Dion Phaneuf.
8:36 of 2nd period - Shot by Christian Ehrhoff.
8:36 of 2nd period - Stopped by Cam Ward without a rebound.
8:37 of 2nd period - Radim Vrbata wins face-off versus Trevor Lewis in BlackHawks zone.
9:11 of 2nd period - Shot by Erik Gudbranson.
9:11 of 2nd period - Stopped by Cam Ward with a rebound.
9:13 of 2nd period - Shot by Radim Vrbata.
9:13 of 2nd period - Stopped by Cam Ward without a rebound.
9:14 of 2nd period - Travis Zajac wins face-off versus Mike Richards in BlackHawks zone.
9:17 of 2nd period - Shot by John Gaudreau.
9:17 of 2nd period - Shot Blocked by Kevin Bieksa.
9:41 of 2nd period - Shot by Trevor Lewis.
9:41 of 2nd period - Shot Misses the Net.
9:43 of 2nd period - Shot by Trevor Lewis.
9:43 of 2nd period - Stopped by Jaroslav Halak without a rebound.
9:44 of 2nd period - Ryan OReilly wins face-off versus Travis Zajac in Lightning zone.
10:04 of 2nd period - Shot by Ryan OReilly.
10:04 of 2nd period - Stopped by Jaroslav Halak without a rebound.
10:05 of 2nd period - Patric Hornqvist wins face-off versus Brandon Bollig in Lightning zone.
10:07 of 2nd period - Radim Vrbata is hit by Brandon Bollig and loses puck.
10:11 of 2nd period - Erik Gudbranson is hit by Ryan Reaves and loses puck.
10:27 of 2nd period - Shot by Eric Fehr.
10:27 of 2nd period - Stopped by Cam Ward without a rebound.
10:28 of 2nd period - Ryan OReilly wins face-off versus Travis Zajac in BlackHawks zone.
10:28 of 2nd period - Ryan OReilly is hit by Travis Zajac.
10:44 of 2nd period - Shot by John Gaudreau.
10:44 of 2nd period - Shot Misses the Net.
11:24 of 2nd period - Shot by Patric Hornqvist.
11:24 of 2nd period - Shot Misses the Net.
11:51 of 2nd period - Icing by Robyn Regehr.
11:52 of 2nd period - Henrik Sedin wins face-off versus Trevor Lewis in BlackHawks zone.
11:52 of 2nd period - Henrik Sedin is hit by Dion Phaneuf.
12:23 of 2nd period - Brad Hunt is hit by Trevor Lewis and loses puck.
12:58 of 2nd period - Shot by Mike Richards.
12:58 of 2nd period - Stopped by Jaroslav Halak without a rebound.
12:59 of 2nd period - Brandon Bollig wins face-off versus Eric Fehr in Lightning zone.
13:28 of 2nd period - Shot by Brandon Bollig.
13:28 of 2nd period - Shot Misses the Net.
13:38 of 2nd period - Shot by Radim Vrbata.
13:38 of 2nd period - Shot Misses the Net.
13:51 of 2nd period - Off-side.
13:52 of 2nd period - Travis Zajac wins face-off versus Alex Galchenyuk in neutral zone.
14:25 of 2nd period - Shot by John Gaudreau.
14:25 of 2nd period - Shot Misses the Net.
14:30 of 2nd period - Minor Penalty to Travis Zajac for Tripping.
14:31 of 2nd period - Trevor Lewis wins face-off versus Henrik Sedin in Lightning zone.
14:35 of 2nd period - Minor Penalty to Zack Kassian for Roughing.
14:36 of 2nd period - Trevor Lewis wins face-off versus Eric Fehr in BlackHawks zone.
15:15 of 2nd period - Shot by Trevor Lewis.
15:15 of 2nd period - Shot Blocked by Eric Fehr.
15:53 of 2nd period - Shot by Ryan OReilly.
15:53 of 2nd period - Stopped by Jaroslav Halak with a rebound.
17:04 of 2nd period - Luke Gazdic is hit by Andre Benoit and loses puck.
17:09 of 2nd period - Shot by Keith Aulie.
17:09 of 2nd period - Shot Misses the Net.
17:11 of 2nd period - Shot by Brandon Bollig.
17:11 of 2nd period - Stopped by Jaroslav Halak without a rebound.
17:12 of 2nd period - Eric Fehr wins face-off versus Mike Richards in Lightning zone.
17:12 of 2nd period - Eric Fehr is hit by Tom Wilson.
17:13 of 2nd period - Minor Penalty to Tom Wilson for Holding Stick.
17:14 of 2nd period - Mike Richards wins face-off versus Eric Fehr in BlackHawks zone.
17:23 of 2nd period - Shot by Hampus Lindholm.
17:23 of 2nd period - Stopped by Cam Ward without a rebound.
17:24 of 2nd period - Patric Hornqvist wins face-off versus Mike Richards in BlackHawks zone.
17:24 of 2nd period - Radim Vrbata is hit by Robyn Regehr and loses puck.
18:31 of 2nd period - Shot by Travis Zajac.
18:31 of 2nd period - Shot Misses the Net.
18:39 of 2nd period - Shot by Hampus Lindholm.
18:39 of 2nd period - Shot Misses the Net.
19:15 of 2nd period - Erik Gudbranson is hit by Luke Gazdic and loses puck.
19:32 of 2nd period - Shot by Henrik Sedin.
19:32 of 2nd period - Shot Misses the Net.
19:37 of 2nd period - Marek Zidlicky is hit by Andre Benoit and loses puck.
19:48 of 2nd period - Shot by Ryan Reaves.
19:48 of 2nd period - Stopped by Jaroslav Halak without a rebound.
19:49 of 2nd period - Ryan OReilly wins face-off versus Eric Fehr in Lightning zone.
19:56 of 2nd period - Shot by Radim Vrbata.
19:56 of 2nd period - Stopped by Cam Ward without a rebound.
19:57 of 2nd period - Dwight King wins face-off versus Eric Fehr in BlackHawks zone.
Goals for this period are 1 for Lightning vs 2 for BlackHawks.
Shots for this period are 9 for Lightning vs 10 for BlackHawks.

3rd period


0:01 of 3rd period - Eric Fehr wins face-off versus Ryan OReilly in neutral zone.
0:06 of 3rd period - Shot by Patric Hornqvist.
0:06 of 3rd period - Shot Misses the Net.
0:36 of 3rd period - Shot by Ryan OReilly.
0:36 of 3rd period - Stopped by Jaroslav Halak without a rebound.
0:37 of 3rd period - Trevor Lewis wins face-off versus Travis Zajac in Lightning zone.
1:03 of 3rd period - Shot by Kyle Okposo.
1:03 of 3rd period - Stopped by Cam Ward with a rebound.
1:05 of 3rd period - Shot by John Gaudreau.
1:05 of 3rd period - Shot Misses the Net.
1:07 of 3rd period - Shot by Travis Zajac.
1:07 of 3rd period - Stopped by Cam Ward with a rebound.
1:09 of 3rd period - Shot by Erik Gudbranson.
1:09 of 3rd period - Shot Misses the Net.
1:11 of 3rd period - Shot by John Gaudreau.
1:11 of 3rd period - Stopped by Cam Ward with a rebound.
1:45 of 3rd period - Shot by Tom Wilson.
1:45 of 3rd period - Stopped by Jaroslav Halak without a rebound.
1:46 of 3rd period - Ryan OReilly wins face-off versus Eric Fehr in Lightning zone.
2:47 of 3rd period - Icing by Adam McQuaid.
2:48 of 3rd period - Henrik Sedin wins face-off versus Mike Richards in BlackHawks zone.
3:28 of 3rd period - Off-side.
3:29 of 3rd period - Trevor Lewis wins face-off versus Travis Zajac in neutral zone.
3:29 of 3rd period - Marek Zidlicky is hit by Travis Zajac and loses puck.
3:34 of 3rd period - Shot by Zack Kassian.
3:34 of 3rd period - Stopped by Jaroslav Halak without a rebound.
3:35 of 3rd period - Ryan OReilly wins face-off versus Travis Zajac in Lightning zone.
4:06 of 3rd period - Shot by Kyle Okposo.
4:06 of 3rd period - Goal by Kyle Okposo - Lightning : 3 - BlackHawks : 2.
4:07 of 3rd period - Trevor Lewis wins face-off versus Eric Fehr in neutral zone.
4:56 of 3rd period - Patric Hornqvist is hit by Zack Kassian and loses puck.
5:17 of 3rd period - Icing by Dwight King.
5:18 of 3rd period - Travis Zajac wins face-off versus Trevor Lewis in BlackHawks zone.
6:24 of 3rd period - Andrej Sekera is hit by Marcus Foligno and loses puck.
7:13 of 3rd period - Shot by Troy Brouwer.
7:13 of 3rd period - Shot Misses the Net.
7:28 of 3rd period - Minor Penalty to Andre Benoit for Cross-checking.
7:29 of 3rd period - Ryan OReilly wins face-off versus Travis Zajac in Lightning zone.
7:56 of 3rd period - Icing by Dion Phaneuf.
7:57 of 3rd period - Travis Zajac wins face-off versus Ryan OReilly in BlackHawks zone.
7:57 of 3rd period - Travis Zajac is hit by Dion Phaneuf.
8:11 of 3rd period - Shot by Marek Zidlicky.
8:11 of 3rd period - Stopped by Jaroslav Halak without a rebound.
8:12 of 3rd period - Trevor Lewis wins face-off versus Troy Brouwer in Lightning zone.
8:33 of 3rd period - Shot by Zack Kassian.
8:33 of 3rd period - Stopped by Jaroslav Halak with a rebound.
8:35 of 3rd period - Shot by Robyn Regehr.
8:35 of 3rd period - Shot Misses the Net.
8:37 of 3rd period - Shot by Trevor Lewis.
8:37 of 3rd period - Shot Misses the Net.
8:39 of 3rd period - Shot by Robyn Regehr.
8:39 of 3rd period - Shot Blocked by Maxime Talbot.
8:41 of 3rd period - Shot by Kevin Bieksa.
8:41 of 3rd period - Shot Blocked by Erik Gudbranson.
8:43 of 3rd period - Shot by Zack Kassian.
8:43 of 3rd period - Stopped by Jaroslav Halak without a rebound.
8:44 of 3rd period - Ryan OReilly wins face-off versus Travis Zajac in Lightning zone.
8:57 of 3rd period - Shot by Dion Phaneuf.
8:57 of 3rd period - Deflect By Justin Abdelkader.
8:57 of 3rd period - Stopped by Jaroslav Halak with a rebound.
8:59 of 3rd period - Shot by Marek Zidlicky.
8:59 of 3rd period - Shot Misses the Net.
9:36 of 3rd period - Minor Penalty to Adam McQuaid for High sticking.
9:37 of 3rd period - Eric Fehr wins face-off versus Marcus Foligno in BlackHawks zone.
9:50 of 3rd period - Shot by Radim Vrbata.
9:50 of 3rd period - Stopped by Cam Ward with a rebound.
9:56 of 3rd period - Shot by Radim Vrbata.
9:56 of 3rd period - Stopped by Cam Ward without a rebound.
9:57 of 3rd period - Mike Richards wins face-off versus Eric Fehr in BlackHawks zone.
12:04 of 3rd period - Justin Abdelkader is hit by Andre Benoit and loses puck.
12:07 of 3rd period - Shot by Justin Abdelkader.
12:07 of 3rd period - Shot Misses the Net.
12:33 of 3rd period - Shot by Luke Gazdic.
12:33 of 3rd period - Stopped by Jaroslav Halak without a rebound.
12:34 of 3rd period - Travis Zajac wins face-off versus Trevor Lewis in Lightning zone.
13:07 of 3rd period - Shot by Kyle Okposo.
13:07 of 3rd period - Shot Misses the Net.
13:41 of 3rd period - Shot by Justin Abdelkader.
13:41 of 3rd period - Deflect By Alex Galchenyuk.
13:41 of 3rd period - Shot Blocked by Christian Ehrhoff.
13:43 of 3rd period - Shot by Dion Phaneuf.
13:43 of 3rd period - Stopped by Jaroslav Halak without a rebound.
13:44 of 3rd period - Maxime Talbot wins face-off versus Mike Richards in Lightning zone.
13:44 of 3rd period - Maxime Talbot is hit by Marcus Foligno.
13:51 of 3rd period - Teddy Purcell is hit by Dion Phaneuf.
14:37 of 3rd period - Shot by Alex Galchenyuk.
14:37 of 3rd period - Stopped by Jaroslav Halak with a rebound.
14:39 of 3rd period - Shot by Kevin Bieksa.
14:39 of 3rd period - Shot Misses the Net.
14:41 of 3rd period - Shot by Justin Abdelkader.
14:41 of 3rd period - Shot Misses the Net.
14:43 of 3rd period - Shot by Marek Zidlicky.
14:43 of 3rd period - Shot Misses the Net.
14:55 of 3rd period - Shot by Justin Abdelkader.
14:55 of 3rd period - Shot Blocked by Teddy Purcell.
15:15 of 3rd period - Alex Galchenyuk is hit by Patric Hornqvist and loses puck.
15:24 of 3rd period - Off-side.
15:25 of 3rd period - Travis Zajac wins face-off versus Trevor Lewis in neutral zone.
15:33 of 3rd period - Off-side.
15:34 of 3rd period - Patric Hornqvist wins face-off versus Trevor Lewis in neutral zone.
15:52 of 3rd period - Shot by Zack Kassian.
15:52 of 3rd period - Stopped by Jaroslav Halak without a rebound.
15:53 of 3rd period - Mike Richards wins face-off versus Travis Zajac in Lightning zone.
16:08 of 3rd period - Shot by Mike Richards.
16:08 of 3rd period - Stopped by Jaroslav Halak with a rebound.
16:10 of 3rd period - Shot by Mike Richards.
16:10 of 3rd period - Stopped by Jaroslav Halak without a rebound.
16:11 of 3rd period - Trevor Lewis wins face-off versus Eric Fehr in Lightning zone.
17:47 of 3rd period - Shot by Alex Galchenyuk.
17:47 of 3rd period - Stopped by Jaroslav Halak with a rebound.
17:54 of 3rd period - Icing by Kyle Okposo.
17:55 of 3rd period - Travis Zajac wins face-off versus Mike Richards in Lightning zone.
18:23 of 3rd period - BlackHawks, Cam Ward is pulled from the net.
18:33 of 3rd period - Shot by Marcus Foligno.
18:33 of 3rd period - Stopped by Jaroslav Halak without a rebound.
18:34 of 3rd period - Trevor Lewis wins face-off versus Eric Fehr in Lightning zone.
18:37 of 3rd period - Shot by Trevor Lewis.
18:37 of 3rd period - Deflect By Zack Kassian.
18:37 of 3rd period - Stopped by Jaroslav Halak without a rebound.
18:38 of 3rd period - Trevor Lewis wins face-off versus Radim Vrbata in Lightning zone.
18:40 of 3rd period - Dwight King is hit by Christian Ehrhoff.
19:02 of 3rd period - Shot by Zack Kassian.
19:02 of 3rd period - Shot Misses the Net.
19:04 of 3rd period - Shot by Dwight King.
19:04 of 3rd period - Stopped by Jaroslav Halak without a rebound.
19:05 of 3rd period - Patric Hornqvist wins face-off versus Ryan OReilly in Lightning zone.
19:30 of 3rd period - Shot by Ryan OReilly.
19:30 of 3rd period - Stopped by Jaroslav Halak without a rebound.
19:31 of 3rd period - Ryan OReilly wins face-off versus Patric Hornqvist in Lightning zone.
19:34 of 3rd period - Shot by Alex Galchenyuk.
19:34 of 3rd period - Shot Blocked by Christian Ehrhoff.
Goals for this period are 1 for Lightning vs 0 for BlackHawks.
Shots for this period are 6 for Lightning vs 18 for BlackHawks.